 Dungeon Crawl Stone Soup version 0.31-a0-986-g5e6e4ef867 (webtiles) character file.

Game seed: 16569824105004019408

2281492 Forgeling the Crack Shot (level 27, 135/135 HPs)
             Began as a Spriggan Hexslinger on Nov 18, 2023.
             Was the Champion of Hepliaklqana.
             Escaped with the Orb
             ... and 4 runes on Nov 19, 2023!
             The game lasted 04:28:05 (73389 turns).

Forgeling the Crack Shot (Spriggan Hexslinger)     Turns: 73389, Time: 04:28:05

Health: 135/135    AC: 10    Str: 14      XL:     27
Magic:  56/56      EV: 34    Int: 21      God:    Hepliaklqana [******]
Gold:   8338       SH:  0    Dex: 20 (28) Spells: 37/72 levels left

rFire   + + +        a - +9 arbalest (freeze)
rCold   + + .        (shield currently unavailable)
rNeg    + + +        o - +5 moon troll leather armour {Spirit, Regen++ MP+5}
rPois   +            n - -2 hat of the Alchemist {rElec rPois rF+ rC+ rN+ Will+ rMut rCorr}
rElec   +            L - +2 cloak of Henotheism {rC+ Str+4}
rCorr   +            (gloves unavailable)
SInv    +            (boots unavailable)
Will    +++++        W - amulet of Ruar {RegenMP rN+ rCorr}
Stlth   +++          u - ring of Finality {Drain rElec rF++ rN+ Int+3}
HPRegen 2.02/turn    j - ring "Bicecse" {rF+ rCorr Str+6 Slay+3}
MPRegen 0.75/turn

%: resist mutation, guardian spirit
@: studying Fire Magic, very quick
A: reduced essence, very small, no large weapons, unfitting armour, see
invisible, speed 3, claws 1
0: Orb of Zot
}: 4/15 runes: barnacled, slimy, silver, gossamer
a: Renounce Religion, Recall Ancestor, Ancestor Identity, Transference, Idealise


You escaped.
You worshipped Hepliaklqana.
Hepliaklqana was exalted by your worship.
You visited 12 branches of the dungeon, and saw 56 of its levels.
You visited 1 bazaar.
You visited 1 ziggurat, and saw 3 of its levels.
You also visited: Trove, Gauntlet, Ice Cave and Desolation.

You collected 11882 gold pieces.
You spent 3544 gold pieces at shops.

Inventory:

Hand Weapons
 a - a +9 arbalest of freezing (weapon)
Missiles
 w - 9 curare-tipped darts
Armour
 n - the -2 hat of the Alchemist (worn) {rElec rPois rF+ rC+ rN+ Will+ rMut rCorr}
   (You found it in a treasure trove)

   rF+:       It protects you from fire.
   rC+:       It protects you from cold.
   rElec:     It insulates you from electricity.
   rPois:     It protects you from poison rN+: It protects you from negative
   energy.
   Will+:     It increases your willpower.
   rCorr:     It protects you from acid and corrosion.
   rMut:      It protects you from mutation.
 o - the +5 moon troll leather armour (worn) {Spirit, Regen++ MP+5}
   (You bought it in a shop on level 3 of the Elven Halls)

   MP+5:      It affects your magic capacity (+5).
   Regen++:   It increases your rate of health regeneration.
 L - the +2 cloak of Henotheism (worn) {rC+ Str+4}
   (You found it in a treasure trove)

   Str+4:     It affects your strength (+4).
   rC+:       It protects you from cold.
Jewellery
 b - the amulet "Econiadu" {Contam rElec rF+ Regen+ Int+2}
   (You found it on level 3 of the Crypt)

   [amulet of regeneration]

   Int+2:     It affects your intelligence (+2).
   rF+:       It protects you from fire.
   rElec:     It insulates you from electricity.
   Contam:    It causes magical contamination when unequipped.
   Regen+:    It increases your rate of health regeneration.
 c - the ring of Fited {Wiz +Blink Will+}
   (You bought it in a shop on level 3 of the Shoals)

   [ring of wizardry]

   Wiz:       It improves your spell success rate.
   Will+:     It increases your willpower.
   +Blink:    It lets you blink.
 j - the ring "Bicecse" (right claw) {rF+ rCorr Str+6 Slay+3}
   (You found it on level 5 of the Vaults)

   [ring of strength]

   Str+6:     It affects your strength (+6).
   Slay+3:    It affects your accuracy & damage with ranged weapons and melee
   (+3).
   rF+:       It protects you from fire.
   rCorr:     It protects you from acid and corrosion.
 t - a +4 ring of slaying
 u - the ring of Finality (left claw) {Drain rElec rF++ rN+ Int+3}
   (You found it on level 3 of the Crypt)

   [ring of positive energy]

   Int+3:     It affects your intelligence (+3).
   rF++:      It greatly protects you from fire.
   rElec:     It insulates you from electricity.
   rN+:       It protects you from negative energy.
   Drain:     It drains your maximum health when unequipped.
 x - the ring "Zixec" {rPois Str+6 Dex+3}
   (You found it in a Gauntlet)

   [ring of strength]

   Str+6:     It affects your strength (+6).
   Dex+3:     It affects your dexterity (+3).
   rPois:     It protects you from poison
 W - the amulet of Ruar (around neck) {RegenMP rN+ rCorr}
   (You took it off a deep elf blademaster on level 3 of the Elven Halls)

   [amulet of magic regeneration]

   RegenMP:   It increases your rate of magic regeneration.
   rN+:       It protects you from negative energy.
   rCorr:     It protects you from acid and corrosion.
 Z - a ring of the Octopus King {rN+ HP+2 AC+2 EV+2 SH+2}
   (You found it on level 10 of the Dungeon)

   [ring of positive energy]

   AC+2:      It affects your AC (+2).
   EV+2:      It affects your evasion (+2).
   rN+:       It protects you from negative energy.
   HP+2:      It affects your health (+2).
   SH+2:      It affects your SH (+2).
Wands
 d - a wand of digging (18)
 e - a wand of paralysis (41)
 h - a wand of light (50)
 i - a wand of roots (70)
 q - a wand of flame (117)
 y - a wand of mindburst (39)
Scrolls
 k - 7 scrolls of enchant weapon
 l - 4 scrolls of enchant armour
 s - 7 scrolls of brand weapon
 z - 4 scrolls of amnesia
 D - 4 scrolls of blinking
 E - a scroll of fear
 F - 11 scrolls of fog
 K - 4 scrolls of immolation
 O - 5 scrolls of silence
 P - 8 scrolls of poison
 S - 3 scrolls of summoning
 V - 12 scrolls of vulnerability
 X - 9 scrolls of revelation {@r4}
 Y - 28 scrolls of teleportation {@r3}
Potions
 f - 5 potions of enlightenment
 A - 5 potions of attraction
 B - 13 potions of brilliance
 C - 5 potions of cancellation
 G - 8 potions of ambrosia
 H - 10 potions of haste
 I - 2 potions of invisibility
 J - 34 potions of curing {@q1}
 M - 8 potions of might
 N - 9 potions of heal wounds {@q2}
 Q - 3 potions of magic
 R - 6 potions of resistance
 U - 8 potions of mutation
Miscellaneous
 g - a condenser vane
 m - a phantom mirror
 p - a sack of spiders
 r - a phial of floods
 v - a lightning rod (4/4)


   Skills:
 + Level 17.7 Fighting
 + Level 26.3 Ranged Weapons
 - Level 9.0 Armour
 - Level 20.0 Dodging
 - Level 20.0 Stealth
 - Level 23.0 Spellcasting
 - Level 18.0 Hexes
 - Level 4.0 Translocations
 - Level 0.7 Fire Magic
 - Level 18.0 Invocations
 - Level 20.0 Evocations


You had 37 spell levels left.
You knew the following spells:

 Your Spells              Type           Power      Damage    Failure   Level
a - Jinxbite              Hex            100%       N/A       0%          2
b - Sigil of Binding      Hex            79%        N/A       0%          3
e - Enfeeble              Hex            39%        N/A       1%          7
f - Dimensional Bullseye  Hex/Tloc       31%        N/A       1%          4
i - Yara's Violent Unrav  Hex/Tmut       29%        3d12      1%          5
j - Tukima's Dance        Hex            79%        N/A       0%          3
u - Summon Mana Viper     Hex/Summ       58%        N/A       1%          5
B - Blink                 Tloc           80%        N/A       1%          2
F - Cause Fear            Hex            39%        N/A       0%          4

Your spell library contained the following spells:

 Spells                   Type           Power      Damage    Failure   Level
 Confusing Touch          Hex            79%        N/A       0%          3
 Apportation              Tloc           80%        N/A       1%          1
 Foxfire                  Conj/Fire      100%       2x1d9     1%          1
 Freeze                   Ice            96%        1d10      1%          1
 Kiss of Death            Conj/Necr      96%        2d12      1%          1
 Necrotise                Necr           96%        1d8       1%          1
 Sandblast                Erth           48%        2d12      1%          1
 Shock                    Conj/Air       96%        1d9       1%          1
 Sting                    Tmut/Pois      96%        1d7       1%          1
 Summon Small Mammal      Summ           96%        N/A       1%          1
 Ensorcelled Hibernation  Hex/Ice        100%       N/A       1%          2
 Momentum Strike          Conj/Tloc      64%        3d9       1%          2
 Dazzling Flash           Conj/Hex       100%       N/A       1%          3
 Inner Flame              Hex/Fire       59%        N/A       1%          3
 Summon Guardian Golem    Hex/Summ       58%        N/A       1%          3
 Leda's Liquefaction      Hex/Erth       29%        N/A       1%          4
 Metabolic Englaciation   Hex/Ice        29%        N/A       1%          5
 Silence                  Hex/Air        29%        N/A       1%          5
 Scorch                   Fire           54%        2d7       2%          2
 Call Imp                 Summ           48%        N/A       3%          2
 Cigotuvi's Dreadful Rot  Necr/Pois/Air  48%        N/A       3%          2
 Passwall                 Tmut/Erth      20%        N/A       3%          2
 Poisonous Vapours        Pois/Air       48%        N/A       3%          2
 Static Discharge         Conj/Air       48%        3-5/arc   3%          2
 Passage of Golubria      Tloc           40%        N/A       3%          4
 Ignite Poison            Fire/Tmut/Pois 25%        N/A       5%          3
 Call Canine Familiar     Summ           24%        N/A       6%          3
 Frozen Ramparts          Ice            48%        1d8       6%          3
 Hailstorm                Conj/Ice       24%        3d7       6%          3
 Mephitic Cloud           Conj/Pois/Air  24%        N/A       6%          3
 Ozocubu's Armour         Ice            24%        N/A       6%          3
 Stone Arrow              Conj/Erth      48%        3d10      6%          3
 Swiftness                Air            24%        N/A       6%          3
 Vampiric Draining        Necr           24%        2d7       6%          3
 Iskenderun's Mystic Bla  Conj/Tloc      32%        2d8       9%          4
 Vhi's Electric Charge    Tloc/Air       64%        N/A       9%          4
 Discord                  Hex            39%        N/A       9%          8
 Flame Wave               Conj/Fire      25%        2d8       17%         4
 Sticky Flame             Conj/Fire      25%        2d5       17%         4
 Airstrike                Air            12%        2d(2-18)  21%         4
 Animate Armour           Summ/Erth      48%        N/A       21%         4
 Animate Dead             Necr           24%        N/A       21%         4
 Brom's Barrelling Bould  Conj/Erth      24%        2d5       21%         4
 Dispel Undead            Necr           24%        3d12      21%         4
 Olgreb's Toxic Radiance  Pois           24%        N/A       21%         4
 Petrify                  Tmut/Erth      24%        N/A       21%         4
 Summon Ice Beast         Ice/Summ       24%        N/A       21%         4
 Summon Lightning Spire   Summ/Air       24%        N/A       21%         4
 Summon Forest            Summ/Tloc      16%        N/A       24%         5
 Fireball                 Conj/Fire      12%        3d7       43%         5
 Agony                    Necr           24%        N/A       50%         5
 Alistair's Intoxication  Tmut/Pois      16%        N/A       50%         5
 Arcjolt                  Conj/Air       12%        1d22      50%         5
 Borgnjor's Vile Clutch   Necr/Erth      12%        N/A       50%         5
 Freezing Cloud           Conj/Ice/Air   12%        6-21      50%         5
 Irradiate                Conj/Tmut      12%        3d15      50%         5
 Iskenderun's Battlesphe  Conj           24%        2d8       50%         5
 Lee's Rapid Deconstruct  Erth           12%        3d8*      50%         5
 Plasma Beam              Fire/Air       12%        2x1d23    95%         6
 Starburst                Conj/Fire      12%        6d5       95%         6
 Bombard                  Conj/Erth      12%        9d3       97%         6
 Conjure Ball Lightning   Conj/Air       12%        3x3d6     97%         6
 Death Channel            Necr           12%        N/A       97%         6
 Eringya's Noxious Bog    Tmut/Pois      12%        4d6       97%         6
 Summon Cactus Giant      Summ           12%        N/A       97%         6
 Haunt                    Necr/Summ      12%        N/A       100%        7
 Malign Gateway           Summ/Tloc      16%        N/A       100%        7
 Monstrous Menagerie      Summ           12%        N/A       100%        7
 Orb of Destruction       Conj           12%        9d7       100%        7
 Ozocubu's Refrigeration  Ice            12%        4d10      100%        7
 Spellforged Servitor     Conj/Summ      12%        N/A       100%        7
 Summon Hydra             Summ           12%        N/A       100%        7
 Borgnjor's Revivificati  Necr           12%        N/A       100%        8
 Ignition                 Fire           13%        3d6       100%        8
 Infestation              Necr           12%        N/A       100%        8
 Lehudib's Crystal Spear  Conj/Erth      12%        10d4      100%        8
 Maxwell's Capacitive Co  Air            12%        ∞         100%        8
 Summon Horrible Things   Summ           12%        N/A       100%        8
 Chain Lightning          Conj/Air       12%        3d16      100%        9
 Death's Door             Necr           12%        N/A       100%        9
 Fire Storm               Conj/Fire      12%        8d3       100%        9
 Shatter                  Erth           12%        3d13*     100%        9


Dungeon Overview and Level Annotations

Branches:
Dungeon (15/15)            Temple (0/1) D:5            Lair (5/5) D:8
 Shoals (4/4) Lair:3       Spider (4/4) Lair:2        Slime (5/5) Lair:4
    Orc (2/2) D:9             Elf (3/3) Orc:2        Vaults (5/5) D:13
  Crypt (3/3) Vaults:3       Tomb (1/3) Crypt:3      Depths (4/4) D:15
    Zot (5/5) Depths:4      IceCv (visited)         Desolation (visited)
Gauntlet (visited)

Altars:
Ashenzari
Cheibriados
Elyvilon
Fedhas
Gozag
Hepliaklqana
Kikubaaqudgha
Makhleb
Okawaru
Ru
Sif Muna
Uskayaw
Vehumet
Xom
Yredelemnul
Zin
The Shining One
Jiyva
Lugonu

Shops:
D:11 (   D:15 *   Orc:2 :*([   Elf:1 *   Elf:2 *   Elf:3 :[!:[   Shoals:3 =
Depths:3 (**[

Portals:
Hell: Depths:1 Depths:2 Depths:3 Depths:4
Abyss: Lair:5 Depths:1 Depths:3
Pandemonium: Depths:2


Innate Abilities, Weirdness & Mutations

Your life essence is reduced to manifest your ancestor. (-10% HP)
You are very small and have problems with some larger weapons.
You are too small for most types of armour.
You have supernaturally acute eyesight. (SInv)
You cover ground extremely quickly. (Speed+++)
You have sharp fingernails.


Message History

You climb upwards.
There is a stone staircase leading down here.
There is a stone staircase leading up here.
You climb upwards.
There is a stone staircase leading down here.
There is a stone staircase leading up here.
You climb upwards.
There is a stone staircase leading down here.
An Orb Guardian comes into view.
You shoot a bolt.
The bolt barely misses the Orb Guardian.
You shoot a bolt. The bolt hits the Orb Guardian!
The bolt freezes the Orb Guardian.
The Orb Guardian is moderately wounded.
You shoot a bolt. The Orb Guardian is moderately wounded.
You shoot a bolt. The bolt hits the Orb Guardian.
The bolt freezes the Orb Guardian.
The Orb Guardian is moderately wounded.
You shoot a bolt. The bolt hits the Orb Guardian!!
The bolt freezes the Orb Guardian.
The Orb Guardian is severely wounded.
You shoot a bolt. The bolt hits the Orb Guardian!
The bolt freezes the Orb Guardian.
The Orb Guardian is almost dead.
You shoot a bolt.
The bolt barely misses the Orb Guardian.
You shoot a bolt. The bolt hits the Orb Guardian!
The bolt freezes the Orb Guardian.
You kill the Orb Guardian!
No target in view!
You see here a +0 dagger.
You see here a +0 dagger.
Aiming: Dig
Press: ? - help, Shift-Dir - straight line A rock wall.
This square is covered in magical glow.
The rock shatters into small pieces.
There is a staircase leading out of the dungeon here.
You have escaped!

#......##...........#
###.###..#.)...######.###
#...# #..#.#...# #....
#...# #....#.### #####
#...###........# ######
#..............# #.....
#...#####.####.# #.###.
#...# ##.# #.# #.# #.
###.# #@.# #.### #.# #.
#.# ##.## #...# #.# #>
#.# #..#####.###.#### #.#
#...## #......# #.#
#....###......# #.#
###...##......# #.#
#....########## #.###
##....##.....## #...###
#......#####..


There were no monsters in sight!

Vanquished Creatures
  the Royal Jelly (Slime:5)
  3 dread liches
  3 orbs of fire
  2 royal mummies (Tomb:1)
  10 Killer Klowns
  Vv (Crypt:2)
  A curse toe (Zot:2)
  Saint Roka (Orc:2)
  5 golden dragons
  Nikola (Shoals:2)
  A profane servitor (Crypt:2)
  Arachne (Spider:4)
  2 bone dragons (Depths:4)
  6 electric golems
  Mlioglotl (Shoals:2)
  7 tentacled monstrosities
  A walking crystal tome (Depths:4)
  3 liches
  19 Orb Guardians
  2 deep elf blademasters (Elf:3)
  7 quicksilver dragons
  5 titans (Vaults:5)
  A kraken (Shoals:3)
  7 death cobs
  A deep elf master archer (Elf:3)
  6 sphinxes
  12 acid blobs
  Frances (Elf:1)
  An Executioner (D:8)
  An ancient champion (Crypt:2)
  Kirke (Lair:4)
  5 tengu reavers
  11 shadow dragons
  2 draconian monks
  A revenant (Crypt:3)
  15 storm dragons
  Ilsuiw (Shoals:4)
  10 draconian knights
  7 rockslimes
  6 azure jellies
  3 emperor scorpions
  An imperial myrmidon (Desolation)
  8 vault wardens
  8 frost giants
  3 fire giants
  7 ghost moths
  5 draconian stormcallers
  4 draconian scorchers
  A curse skull (Crypt:1)
  2 spectral caustic shrikes (Crypt:3)
  2 deep elf elementalists (Elf:3)
  3 deep elf sorcerers
  A ghost moth (shapeshifter) (Depths:4)
  A spectral juggernaut (Crypt:3)
  3 draconian annihilators
  2 iron dragons
  An orc warlord (Orc:2)
  A war gargoyle (Depths:2)
  5 draconian shifters
  15 ironbound preservers
  A quicksilver ooze (shapeshifter) (Vaults:5)
  The ghost of Waxwing the Arsonist, a journeyman OgFE of Vehumet (Lair:5)
  6 quicksilver oozes
  2 formless jellyfish
  2 broodmothers (Spider:3)
  12 very ugly things
  7 ironbound thunderhulks
  16 stone giants
  11 dire elephants
  5 vampire knights
  4 deep elf demonologists
  9 green draconians
  The ghost of Joad the Spear-Bearer, a journeyman DsFi of Wu Jian (Vaults:2)
  4 red draconians (Zot:4)
  5 deep elf annihilators
  A halazid warlock (Desolation)
  Azrael (D:13)
  3 spark wasps
  7 purple draconians
  8 black draconians
  10 white draconians
  8 yellow draconians
  Snorg (Lair:5)
  A spark wasp (shapeshifter) (Vaults:5)
  A crystal guardian (Desolation)
  8 eidola
  8 deep elf death magi (Elf:3)
  A pearl dragon zombie (Crypt:2)
  8 ettins
  2 spectral quicksilver dragons (Crypt:3)
  8 jiangshi
  5 mummy priests (Tomb:1)
  A fire dragon (shapeshifter) (D:15)
  3 merfolk javelineers
  9 merfolk impalers
  3 deep elf high priests
  9 fire dragons
  4 ragged hierophants
  15 yaktaur captains
  3 spectral spriggans (Crypt:3)
  A spriggan zombie (Crypt:1)
  17 great orbs of eyes
  A spectral shadow dragon (Crypt:3)
  2 entropy weavers (Vaults:3)
  3 spriggan air magi
  8 ice dragons
  4 hydras
  6 rakshasas
  A sphinx zombie (Crypt:3)
  4 peacekeepers (Desolation)
  21 vault guards
  Erica (D:8)
  5 death knights
  7 ironbound frosthearts
  2 catoblepae (Lair:5)
  10 servants of whispers (Desolation)
  9 centaur warriors
  2 radroaches
  12 boulder beetles
  2 jorogumos
  A spriggan skeleton (Tomb:1)
  7 two-headed ogres
  4 satyrs
  4 merfolk aquamancers
  4 ogre magi
  16 death scarabs
  A satyr (shapeshifter) (Vaults:5)
  23 dancing weapons
  2 deep troll earth magi
  3 vampire magi
  4 tengu warriors
  4 spectral storm dragons (Crypt:3)
  2 death yaks
  2 deep troll shamans (Depths:1)
  2 demonic crawlers
  3 orc high priests (Orc:2)
  Urug (D:11)
  A two-headed ogre (shapeshifter) (Vaults:5)
  A spectral dire elephant (Crypt:3)
  3 hell hogs (Crypt:2)
  3 spriggan berserkers
  A thrashing horror (Lair:5)
  A soul eater (Crypt:2)
  Sonja (Lair:5)
  16 hell knights
  An emperor scorpion zombie (Crypt:1)
  3 skysharks
  11 deep elf knights
  5 shadow wraiths
  3 iron trolls
  9 skeletal warriors
  7 pharaoh ants
  4 orb spiders
  15 glowing orange brains
  37 deep trolls
  4 sea snakes
  A large abomination (Lair:5)
  6 flayed ghosts
  5 deep elf archers
  A kraken simulacrum (Shoals:4)
  31 deep elf pyromancers
  11 phantasmal warriors
  A goliath frog zombie (Crypt:1)
  7 steelbarb worms
  7 arcanists
  5 necromancers
  15 ironbound convokers
  15 deep elf zephyrmancers
  3 spectral wolf spiders (Spider:4)
  7 harpies
  4 lindwurms
  2 spriggan simulacra
  7 orc knights
  2 orc sorcerers (Orc:2)
  11 wolf spiders
  13 manticores
  12 fauns
  13 moths of wrath
  4 shining eyes
  7 cyclopes
  An elephant (shapeshifter) (Vaults:5)
  40 ugly things
  A moth of wrath (shapeshifter) (D:14)
  An apis skeleton (Crypt:2)
  A black mamba (shapeshifter) (Lair:5)
  Maurice (D:9)
  A stone giant skeleton (Crypt:1)
  3 black mambas
  An elephant (Lair:5)
  7 merfolk sirens
  A spectral centaur (Crypt:3)
  A titan simulacrum (Crypt:3)
  12 vault sentinels
  4 torpor snails
  4 water nymphs
  20 eyes of devastation
  A molten gargoyle (Desolation)
  10 cane toads
  A centaur skeleton (Crypt:1)
  An alligator snapping turtle zombie (Crypt:1)
  2 smoke demons (Lair:5)
  3 spectral redbacks (Spider:4)
  8 unseen horrors
  A minotaur zombie (Crypt:1)
  32 yaktaurs
  A white draconian zombie (Crypt:2)
  An unseen horror zombie (Crypt:3)
  9 freezing wraiths
  3 kobold demonologists
  14 rime drakes
  A tormentor (Zig:3)
  A spectral naga (Crypt:3)
  An unseen horror (shapeshifter) (Lair:4)
  3 tengu conjurers
  11 komodo dragons
  36 merfolk
  A redback zombie (Spider:4)
  4 guardian mummies (Tomb:1)
  A red draconian skeleton (Crypt:1)
  A purple draconian skeleton (Crypt:1)
  3 polar bears (IceCv)
  A death yak skeleton (Crypt:3)
  A hornet (Depths:2)
  2 meliai (Spider:1)
  A spectral harpy (Crypt:3)
  5 trolls
  Grinder (D:4)
  24 tarantellas
  A tyrant leech (Lair:3)
  2 wind drakes (shapeshifter)
  A hornet (shapeshifter) (Vaults:5)
  2 spectral culicivoras (Spider:4)
  3 raiju (Lair:5)
  6 wind drakes
  A raiju (shapeshifter) (D:13)
  A wolf spider simulacrum (D:14)
  10 snapping turtles
  A blink frog (shapeshifter) (D:15)
  20 blink frogs
  6 dream sheep
  54 saltlings
  A jumping spider zombie (Spider:4)
  A spectral black mamba (Crypt:3)
  Sigmund (D:2)
  9 flying skulls (Tomb:1)
  64 slime creatures
  A culicivora (shapeshifter) (D:13)
  A ynoxinul (Lair:5)
  A fire dragon skeleton (Crypt:2)
  2 vampires (D:15)
  3 air elementals
  19 jumping spiders
  A centaur simulacrum (Gauntlet)
  11 water elementals
  A spriggan (Depths:2)
  15 culicivoras
  2 shadows
  2 hogs (Lair:4)
  5 wyverns
  33 yaks
  3 ushabtiu (Tomb:1)
  A golden eye (shapeshifter) (Vaults:5)
  6 wraiths
  4 humans (D:13)
  11 basilisks
  5 fire elementals
  16 golden eyes
  Grum (D:11)
  5 vampire mosquitoes
  47 redbacks
  4 wargs
  Menkaure (D:7)
  A fire bat zombie (Crypt:2)
  4 acid dragons
  A demonspawn zombie (Crypt:3)
  A merfolk zombie (Crypt:3)
  A naga zombie (Crypt:1)
  2 swamp worms (Lair:3)
  14 water moccasins
  Duvessa (D:5)
  A faun skeleton (Crypt:1)
  6 hell hounds (D:13)
  A merfolk skeleton (Crypt:3)
  A glowing shapeshifter skeleton (Crypt:1)
  30 orc warriors
  2 sky beasts (D:7)
  20 wolves
  A blink frog zombie (Crypt:1)
  2 elephant skeletons
  An ettin simulacrum (Crypt:3)
  13 ogres
  8 boggarts
  10 centaurs
  2 kobold brigands (D:13)
  Blork the orc (D:5)
  8 small abominations (Lair:5)
  2 earth elementals
  3 scorpions
  3 gnoll sergeants
  16 bullfrogs
  3 necrophages (Lair:2)
  8 wights
  A warg skeleton (Crypt:2)
  7 killer bees
  A shapeshifter zombie (Crypt:3)
  An electric eel (D:10)
  9 howler monkeys
  A crimson imp (D:2)
  A lava snake (Lair:4)
  A wyvern simulacrum (Gauntlet)
  2 jellies
  14 orc priests
  2 gnoll boudas
  A hound (D:5)
  2 sleepcaps
  Crazy Yiuf (D:4)
  Ijyb (D:4)
  A black bear skeleton (Crypt:1)
  A scorpion zombie (Crypt:2)
  5 hell rats (Lair:2)
  3 iguanas
  21 orc wizards
  Natasha (thrice) (D:2)
  An ogre skeleton (Crypt:2)
  18 mummies (Tomb:1)
  Robin (D:2)
  22 gnolls
  12 adders
  2 shadow imps
  A white imp (D:4)
  A lava snake zombie (Crypt:2)
  5 worms
  4 dart slugs
  59 orcs
  5 ball pythons
  7 endoplasms
  3 giant cockroaches
  10 hobgoblins
  6 kobolds
  A quokka (D:1)
  8 bats
  3 frilled lizards
  A frilled lizard skeleton (Crypt:2)
  12 goblins
  A quokka skeleton (Crypt:3)
  3 rats
  A butterfly (D:5)
  A spectral weapon (Zot:5)
2082 creatures vanquished.

Vanquished Creatures (collateral kills)
  Dissolution (Slime:2)
  A dread lich (Zot:5)
  2 ancient liches (Zot:5)
  2 orbs of fire
  Parghit (Zot:1)
  5 Killer Klowns
  Bai Suzhen (Spider:4)
  A golden dragon (Zot:5)
  An electric golem (Zot:4)
  A tentacled monstrosity (Zot:2)
  9 Orb Guardians (Zot:5)
  2 titans (Vaults:5)
  3 sphinxes
  A quicksilver dragon (Zot:5)
  A deep elf master archer (Elf:3)
  2 death cobs
  5 acid blobs
  2 ancient champions
  2 shadow dragons
  2 revenants
  2 tengu reavers
  2 storm dragons
  Aizul (Spider:3)
  A draconian knight (Zot:5)
  A fire giant (Vaults:5)
  2 draconian monks
  3 rockslimes
  4 azure jellies
  5 vault wardens
  3 frost giants
  3 emperor scorpions (Spider:4)
  2 ghost moths
  An imperial myrmidon (Desolation)
  2 draconian scorchers (Zot:2)
  A spectral juggernaut (Crypt:3)
  3 spectral caustic shrikes (Crypt:3)
  2 draconian stormcallers
  A draconian shifter (Depths:4)
  3 formless jellyfish
  An orc warlord (Vaults:1)
  2 ironbound thunderhulks
  5 ironbound preservers
  2 quicksilver oozes (Slime:5)
  3 very ugly things (Depths:4)
  A vampire knight (Depths:2)
  2 war gargoyles (Vaults:5)
  A stone giant (Depths:2)
  4 green draconians
  3 deep elf demonologists
  5 dire elephants
  2 red draconians
  3 deep elf annihilators (Elf:3)
  7 white draconians
  2 yellow draconians
  3 purple draconians
  3 black draconians
  A minotaur (Gauntlet)
  A merfolk javelineer (Shoals:4)
  A pearl dragon zombie (Crypt:2)
  2 ettins
  2 eidola (Crypt:3)
  A mummy priest (Tomb:1)
  4 ragged hierophants (Desolation)
  2 fire dragons
  Josephine (Orc:2)
  A crystal guardian (Desolation)
  5 entropy weavers
  A great orb of eyes (Depths:2)
  3 servants of whispers (Desolation)
  A hydra (Lair:4)
  2 yaktaur captains
  2 peacekeepers (Desolation)
  8 vault guards
  3 ice dragons (IceCv)
  4 ogre magi (Vaults:5)
  A spriggan air mage (Depths:2)
  2 centaur warriors (Vaults:2)
  10 ironbound frosthearts
  A merfolk aquamancer (Shoals:4)
  A spriggan skeleton (Crypt:1)
  2 two-headed ogres
  An alligator snapping turtle (Shoals:4)
  A deep troll earth mage (Depths:3)
  3 boulder beetles
  6 death scarabs
  A tengu warrior (Depths:2)
  3 spriggan berserkers
  2 dancing weapons
  An orc high priest (Orc:2)
  4 demonic crawlers
  A spectral storm dragon (Crypt:3)
  A deep elf knight (Elf:2)
  A soul eater (Crypt:1)
  A shock serpent (shapeshifter) (Vaults:5)
  2 thrashing horrors (Lair:5)
  A skyshark (Lair:3)
  A hell knight (Depths:4)
  A fire crab (shapeshifter) (Vaults:5)
  Lodul (D:11)
  8 deep trolls
  A sea snake (Shoals:4)
  4 skeletal warriors
  3 flayed ghosts (Crypt:3)
  A glowing orange brain (Depths:2)
  2 orange crystal statues
  11 ironbound convokers
  4 steelbarb worms
  2 arcanists
  3 lindwurms
  2 phantasmal warriors
  4 orc knights
  A spectral wolf spider (Spider:4)
  A necromancer (Crypt:1)
  An orc sorcerer (Orc:2)
  A deep elf zephyrmancer (Elf:2)
  9 ugly things
  4 deep elf pyromancers
  3 wolf spiders
  A shining eye (Slime:2)
  A broodmother zombie (Spider:4)
  3 manticores
  4 elephants (Lair:5)
  Joseph (D:10)
  A merfolk siren (Shoals:2)
  5 moths of wrath
  A cyclops (D:11)
  3 apis skeletons (Crypt:2)
  A guardian serpent (Desolation)
  2 ice statues (D:14)
  4 vault sentinels
  4 cane toads
  2 torpor snails
  2 black mambas
  A spectral redback (Spider:4)
  7 yaktaurs
  A guardian mummy (Tomb:1)
  2 rime drakes
  A redback zombie (Spider:4)
  7 freezing wraiths
  2 trolls
  A harpy zombie (Crypt:1)
  A meliai (Spider:1)
  A hornet (shapeshifter) (Depths:3)
  7 tarantellas
  8 saltlings (Desolation)
  Prince Ribbit (D:8)
  2 wind drakes
  A hornet (D:9)
  4 polar bears
  3 merfolk
  2 blink frogs
  2 jumping spider zombies (Spider:4)
  A snapping turtle (Lair:3)
  2 dream sheep (Lair:5)
  A stone giant simulacrum (Crypt:3)
  A culicivora zombie (Spider:4)
  4 culicivoras
  A jumping spider (Spider:1)
  39 slime creatures
  A wraith (Orc:2)
  2 water elementals
  3 centaur simulacra (Gauntlet)
  An ushabti (Tomb:1)
  A vampire (D:11)
  A ynoxinul (Lair:5)
  14 yaks
  2 wyverns
  2 hogs (Lair:4)
  5 humans (D:13)
  A basilisk (Lair:1)
  A hog (shapeshifter) (D:13)
  4 golden eyes
  3 chaos spawn (Lair:5)
  A steam dragon (D:8)
  A vampire mosquito (D:14)
  6 redbacks
  A warg (D:8)
  3 water moccasins
  3 small abominations (Lair:5)
  5 ogres
  7 orc warriors
  A sky beast (D:8)
  5 wolves
  A centaur (D:11)
  A bullfrog (D:9)
  4 wights
  Dowan (D:5)
  3 killer bees
  2 orc priests
  A hound (D:6)
  An orc wizard (Vaults:5)
  An iguana (D:7)
  A hell rat (Lair:2)
  4 mummies (Tomb:1)
  2 gnolls
  An adder (D:5)
  7 orcs
  A tentacle (Shoals:3)
538 creatures vanquished.

Vanquished Creatures (others)
  A draconian knight (Zot:1)
  An angel (D:5)
  3 yaktaur captains
  2 centaur warriors (Vaults:3)
  A hell knight (Depths:4)
  A deep elf archer (Elf:1)
  A phantasmal warrior (Depths:2)
  An ugly thing (Depths:4)
  6 yaktaurs
  A saltling (Desolation)
  A human (D:13)
  63 knights
  3 ancestors (D:5)
  3 tentacles (Shoals:3)
88 creatures vanquished.

Grand Total: 2708 creatures vanquished

Notes
Turn   | Place    | Note
-------+----------+-------------------------------------------
     0 | D:1      | Forgeling the Spriggan Hexslinger began the quest for the
                  | Orb.
     0 | D:1      | Reached XP level 1. HP: 9/9 MP: 3/3
   161 | D:1      | You fall into a shaft and drop 1 floor!
   180 | D:2      | Noticed Robin
   261 | D:1      | Reached XP level 2. HP: 14/14 MP: 5/5
   343 | D:1      | Found a faded altar of an unknown god.
   656 | D:1      | Learned a level 2 spell: Jinxbite
   718 | D:2      | Reached skill level 3 in Ranged Weapons
   718 | D:2      | Reached XP level 3. HP: 17/17 MP: 3/6
   964 | D:2      | Noticed Natasha
   969 | D:2      | Killed Natasha
   970 | D:2      | Reached skill level 4 in Ranged Weapons
   970 | D:2      | Reached XP level 4. HP: 21/21 MP: 7/7
  1055 | D:2      | Killed Robin
  1211 | D:2      | Noticed Natasha
  1219 | D:2      | Killed Natasha
  1257 | D:2      | Noticed Sigmund
  1483 | D:3      | Found a radiant altar of Vehumet.
  1529 | D:2      | Reached skill level 5 in Ranged Weapons
  1529 | D:2      | Reached XP level 5. HP: 25/25 MP: 8/8
  1597 | D:3      | Found a burning altar of Makhleb.
  1741 | D:3      | Found an ancient bone altar of Kikubaaqudgha.
  2050 | D:3      | Found a blossoming altar of Fedhas.
  2387 | D:4      | Found a basalt altar of Yredelemnul.
  2392 | D:4      | Found a hazy altar of Hepliaklqana.
  2395 | D:4      | Became a worshipper of Hepliaklqana the Forgotten
  2419 | D:4      | Noticed Ijyb
  2442 | D:4      | Killed Ijyb
  2443 | D:4      | Reached skill level 6 in Ranged Weapons
  2507 | D:4      | Noticed Grinder
  2544 | D:4      | Paralysed by Grinder for 3 turns
  2556 | D:4      | Killed Grinder
  2557 | D:4      | Reached skill level 5 in Hexes
  2557 | D:4      | Reached XP level 6. HP: 16/29 MP: 9/9
  2966 | D:4      | Found a runed translucent door.
  2967 | D:4      | Noticed Crazy Yiuf
  2994 | D:4      | Found a glowing golden altar of the Shining One.
  3141 | D:5      | Entered Level 5 of the Dungeon
  3147 | D:4      | Reached XP level 7. HP: 32/32 MP: 10/10
  3183 | D:5      | Reached * piety under Hepliaklqana
  3189 | D:5      | Noticed Blork the orc
  3205 | D:5      | Killed Blork the orc
  3272 | D:5      | Found a shimmering blue altar of Sif Muna.
  3279 | D:5      | Found a staircase to the Ecumenical Temple.
  3300 | D:5      | Reached skill level 7 in Ranged Weapons
  3325 | D:5      | Noticed Duvessa
  3326 | D:5      | Noticed Dowan
  3460 | D:5      | Found a glowing silver altar of Zin.
  3460 | D:5      | Noticed an angel
  3462 | D:5      | Found a shimmering altar of Xom.
  3484 | D:5      | Reached skill level 5 in Dodging
  3564 | D:5      | Killed Dowan
  3605 | D:5      | Killed an angel
  3624 | D:5      | Learned a level 4 spell: Cause Fear
  3834 | D:5      | Found a snail-covered altar of Cheibriados.
  3982 | D:6      | Reached XP level 8. HP: 33/33 MP: 11/11
  4047 | D:6      | Reached ** piety under Hepliaklqana
  4048 | D:6      | Remembered your ancestor Jabu as a knight
  4104 | D:6      | Reached skill level 8 in Ranged Weapons
  4699 | D:6      | Reached skill level 10 in Dodging
  4739 | D:5      | Killed Duvessa
  4807 | D:2      | Noticed Natasha
  4811 | D:2      | Killed Natasha
  4844 | D:2      | Killed Sigmund
  4845 | D:2      | Reached XP level 9. HP: 36/36 MP: 10/12
  4954 | D:4      | Killed Crazy Yiuf
  4977 | D:4      | Learned a level 3 spell: Sigil of Binding
  5401 | D:7      | Reached *** piety under Hepliaklqana
  5672 | D:7      | Noticed Menkaure
  5683 | D:7      | Killed Menkaure
  5858 | D:8      | Found a staircase to the Lair.
  5961 | D:8      | Noticed Erica
  6163 | D:8      | Killed Erica
  6164 | D:8      | Reached skill level 9 in Ranged Weapons
  6191 | D:8      | Reached skill level 10 in Ranged Weapons
  6401 | D:8      | Noticed Prince Ribbit
  6408 | D:8      | Killed Prince Ribbit
  6461 | D:8      | Reached XP level 10. HP: 39/39 MP: 15/15
  6530 | D:8      | Found Kitaxy's Antique Weapon Emporium.
  7065 | D:8      | Learned a level 4 spell: Dimensional Bullseye
  7120 | D:9      | Reached skill level 1 in Fighting
  7120 | D:9      | Reached skill level 1 in Translocations
  7149 | D:9      | Found a staircase to the Orcish Mines.
  7174 | D:9      | Noticed Maurice
  7290 | D:9      | Killed Maurice
  7291 | D:9      | Reached skill level 11 in Ranged Weapons
  7673 | D:9      | Reached **** piety under Hepliaklqana
  7727 | D:9      | Reached skill level 10 in Hexes
  7826 | D:9      | Found an iron altar of Okawaru.
  7962 | D:10     | Entered Level 10 of the Dungeon
  8094 | D:10     | Found a white marble altar of Elyvilon.
  8146 | D:10     | Found the ring of the Octopus King
  8160 | D:10     | Identified a ring of the Octopus King {rN+ HP+2 AC+2 EV+2
                  | SH+2}
  8380 | D:10     | Reached skill level 1 in Evocations
  8384 | D:10     | Noticed a two-headed ogre
  8403 | D:10     | Killed a two-headed ogre
  8404 | D:10     | Reached skill level 12 in Ranged Weapons
  8426 | D:10     | Reached XP level 11. HP: 36/46 MP: 16/16
  8447 | D:10     | Noticed Joseph
  8465 | D:10     | Killed Joseph
  8664 | D:10     | Found an opulent altar of Gozag.
  8664 | D:10     | Found a broken altar of Ashenzari.
  9192 | D:11     | Found Hoapt's Weapon Boutique.
  9200 | D:11     | Identified the +5 long sword of the Forest {elec, rF+ rN+
                  | Int+6}
  9305 | D:11     | Noticed a two-headed ogre
  9329 | D:11     | Killed a two-headed ogre
  9340 | D:11     | Noticed Lodul
  9356 | D:11     | Reached skill level 15 in Dodging
  9359 | D:11     | Reached skill level 5 in Evocations
  9414 | D:11     | Killed Lodul
  9584 | D:11     | Reached ***** piety under Hepliaklqana
  9660 | D:11     | Noticed Grum
  9851 | D:11     | Noticed Urug
  9869 | D:11     | Killed Urug
  9870 | D:11     | Reached skill level 13 in Ranged Weapons
 10124 | D:15     | Identified the of Eniz
 10124 | Lair:1   | Entered Level 1 of the Lair of Beasts
 10445 | Lair:1   | Reached skill level 14 in Ranged Weapons
 10668 | Lair:1   | Reached skill level 1 in Stealth
 10718 | Lair:1   | Reached XP level 12. HP: 50/50 MP: 17/17
 11126 | Lair:2   | Reached skill level 1 in Invocations
 11184 | Lair:2   | Noticed a four-headed hydra
 11192 | Lair:2   | Killed a four-headed hydra
 11339 | Lair:2   | Found a hole to the Spider Nest.
 11357 | Lair:2   | Reached skill level 5 in Stealth
 11725 | Lair:2   | Identified the +6 sling of the Destroying Gods {drain,
                  | *Slow rC+ Int+4}
 12326 | Lair:3   | Noticed a boulder beetle
 12358 | Lair:3   | Killed a boulder beetle
 12568 | Lair:3   | Reached skill level 10 in Stealth
 12647 | Lair:3   | Reached skill level 5 in Fighting
 12729 | Lair:3   | Identified the amulet "Joowuargh" {Rampage Regen+ MP+9
                  | Int-5}
 12789 | Lair:3   | Found a staircase to the Shoals.
 13273 | Lair:4   | Reached ****** piety under Hepliaklqana
 13291 | Lair:4   | Reached XP level 13. HP: 56/56 MP: 18/18
 13434 | Lair:4   | Found a viscous altar of Jiyva.
 13434 | Lair:4   | Found a staircase to the Slime Pits.
 13454 | Lair:4   | Noticed Nessos
 13456 | Lair:4   | Nessos changed into Nessos the glowing shapeshifter
 13456 | Lair:4   | Noticed Nessos
 13457 | Lair:4   | Nessos the glowing shapeshifter changed into Nessos the
                  | glowing orange brain
 13457 | Lair:4   | Noticed Nessos (glowing shapeshifter)
 13459 | Lair:4   | Nessos the glowing orange brain changed into Nessos the
                  | salamander
 13459 | Lair:4   | Noticed Nessos (glowing shapeshifter)
 13461 | Lair:4   | Nessos the salamander changed into Nessos the rime drake
 13461 | Lair:4   | Noticed Nessos (glowing shapeshifter)
 13462 | Lair:4   | Nessos the rime drake changed into Nessos the unseen horror
 13462 | Lair:4   | Noticed Nessos (glowing shapeshifter)
 13467 | Lair:4   | Killed Nessos the unseen horror
 13750 | Lair:4   | Noticed Kirke
 13769 | Lair:4   | Killed Kirke
 14407 | Lair:4   | Reached skill level 10 in Evocations
 14418 | Lair:4   | Reached skill level 5 in Spellcasting
 14632 | Lair:5   | Identified the of Zuawiaps
 14632 | Lair:5   | Entered Level 5 of the Lair of Beasts
 14632 | Lair:5   | Found a gate leading to a gauntlet.
 14863 | Gauntlet | Entered a Gauntlet
 14863 | Gauntlet | Found a transporter.
 14863 | Gauntlet | Found a transporter.
 14910 | Gauntlet | Found a transporter.
 14914 | Gauntlet | Found a transporter.
 14924 | Gauntlet | Found a transporter.
 14928 | Gauntlet | Found a transporter.
 14937 | Gauntlet | Noticed a quicksilver ooze
 14938 | Gauntlet | Found a transporter.
 14959 | Gauntlet | Found a transporter.
 14968 | Gauntlet | Found a transporter.
 14968 | Gauntlet | Found a transporter.
 14978 | Gauntlet | Found a transporter.
 14982 | Gauntlet | Found a transporter.
 15334 | Gauntlet | Identified the ring "Zixec" {rPois Str+6 Dex+3}
 15379 | Gauntlet | Identified the +1 robe "Kaczab Uquvu" {rElec rC- Str-4
                  | Archmagi}
 15481 | Gauntlet | Killed a quicksilver ooze
 15498 | Gauntlet | Identified the +0 cloak "Mongif" {Int+2 Dex+3}
 15512 | Gauntlet | Identified the +7 spear of Lityntet {venom, Int+5}
 15554 | Gauntlet | Noticed a minotaur
 15568 | Gauntlet | Killed a minotaur
 15576 | Gauntlet | Identified the +9 spear "Ononuch" {heavy, rPois Will+
                  | Str-3}
 15576 | Gauntlet | Identified the +6 glaive "Transmigrator" {flame, *Noise rN+
                  | Str-2 Dex+7}
 15820 | Lair:5   | Found a sacrificial altar of Ru.
 15862 | Lair:5   | Reached XP level 14. HP: 63/63 MP: 25/25
 15868 | Lair:5   | Reached skill level 5 in Invocations
 16776 | Lair:5   | Reached skill level 15 in Stealth
 16853 | Lair:5   | Found the +7 lajatang of Order {silver, rMut}
 16854 | Lair:5   | Found a corrupted altar of Lugonu.
 16854 | Lair:5   | Found a one-way gate to the infinite horrors of the Abyss.
 16860 | Lair:5   | Identified the staff of Xorhoite {Fly rF- Str+3 Earth}
 17175 | Lair:5   | Found a runed translucent door.
 17177 | Lair:5   | Noticed Waxwing's ghost (journeyman OgFE)
 17323 | Lair:5   | Noticed Snorg
 17329 | Lair:5   | Noticed Sonja
 17355 | Lair:5   | Killed Snorg
 17368 | Lair:5   | Killed Sonja
 17670 | D:11     | Killed Grum
 17722 | D:11     | Found Hoapt's Weapon Boutique.
 19071 | Orc:1    | Entered Level 1 of the Orcish Mines
 19176 | Orc:2    | Entered Level 2 of the Orcish Mines
 19214 | Orc:2    | Noticed an orc warlord
 19242 | Orc:2    | Noticed Josephine
 19323 | Orc:2    | Killed Josephine
 19700 | Orc:2    | Reached skill level 15 in Ranged Weapons
 19700 | Orc:2    | Reached XP level 15. HP: 63/69 MP: 23/26
 19745 | Orc:2    | Found Deezuq's General Store.
 20069 | Orc:2    | Learned a level 5 spell: Yara's Violent Unravelling
 20077 | Orc:2    | Learned a level 7 spell: Enfeeble
 20103 | Orc:2    | Gained mutation: You are vulnerable to heat. (rF-) [a
                  | neqoxec]
 20222 | Orc:2    | Found Huweil's Antique Armour Shoppe.
 20317 | Orc:2    | Found Yrphaqud's Book Boutique.
 20335 | Orc:2    | Noticed Saint Roka
 20499 | Orc:2    | Found a staircase to the Elven Halls.
 20553 | Orc:2    | Killed Saint Roka
 20693 | Orc:2    | Found Ciudghat's Antique Weapon Shop.
 20797 | Orc:1    | You fall into a shaft and drop 1 floor!
 21206 | Orc:2    | Bought a scroll of identify for 26 gold pieces
 21270 | Orc:2    | Bought a runed scarf for 184 gold pieces
 21930 | D:13     | Identified the +1 quarterstaff "Xitarymm" {antimagic,
                  | Fragile rPois rF+++ Dex+2}
 22194 | D:13     | Noticed Azrael
 22211 | D:13     | Killed Azrael
 22212 | D:13     | Reached skill level 16 in Ranged Weapons
 22495 | D:13     | Identified the +2 tower shield of Sif Muna's Regard {*Slow
                  | rF+ rC+++ Slay+2}
 22514 | D:13     | Reached skill level 10 in Spellcasting
 22537 | D:13     | Found a gate to the Vaults.
 22878 | D:14     | Found a snail-covered altar of Cheibriados.
 23223 | D:14     | Reached skill level 17 in Ranged Weapons
 23462 | D:14     | Reached XP level 16. HP: 72/72 MP: 24/31
 23491 | D:14     | Found a frozen archway.
 23600 | IceCv    | Entered an ice cave
 24401 | IceCv    | Reached skill level 18 in Ranged Weapons
 25382 | D:14     | Lost mutation: You are vulnerable to heat. (rF-) [potion of
                  | mutation]
 25382 | D:14     | Gained mutation: You have sharp fingernails. [potion of
                  | mutation]
 25527 | D:14     | Found the +1 cloak of Starlight {*Dazzle EV+4 Stlth--}
 25661 | D:15     | Entered Level 15 of the Dungeon
 26041 | D:15     | Found Radirusm's Blood Bar.
 26119 | D:15     | Found a hide-covered altar of Uskayaw.
 26299 | D:15     | Found a portal to a secret trove of treasure.
 26430 | D:15     | Found a staircase to the Depths.
 26878 | Lair:5   | Killed Waxwing's ghost
 27021 | Shoals:1 | Entered Level 1 of the Shoals
 27842 | Shoals:2 | Learned a level 3 spell: Tukima's Dance
 27936 | Shoals:2 | Noticed Nikola
 27971 | Shoals:2 | Killed Nikola
 27972 | Shoals:2 | Reached XP level 17. HP: 79/79 MP: 10/33
 28586 | Shoals:2 | Noticed Mlioglotl
 28600 | Shoals:2 | Killed Mlioglotl
 29116 | Shoals:3 | Noticed a kraken
 29126 | Shoals:3 | Killed a kraken
 29326 | Shoals:3 | Reached skill level 10 in Fighting
 29342 | Shoals:3 | Reached skill level 15 in Hexes
 29468 | Shoals:3 | Found Hiebigh's One-of-a-Kind Rings.
 29928 | Shoals:4 | Entered Level 4 of the Shoals
 30834 | Shoals:4 | Noticed Ilsuiw
 31301 | Shoals:4 | Got a barnacled rune of Zot
 31358 | Shoals:4 | Killed Ilsuiw
 31974 | D:15     | You paid a toll of 6 scrolls of fear to enter a treasure
                  | trove
 31975 | Trove    | Entered a treasure trove
 31977 | Trove    | Found the -2 hat of the Alchemist {rElec rPois rF+ rC+ rN+
                  | Will+ rMut rCorr}
 31983 | Trove    | Identified the +0 buckler of Amne {*Slow rCorr SInv Stlth+}
 31988 | Trove    | Identified the +1 cloak of Ytais {Rampage}
 31991 | Trove    | Identified the +1 hat of Fedhas's Favour {Rampage Dex+2}
 31994 | Trove    | Identified the +2 cloak of Henotheism {rC+ Str+4}
 32346 | Shoals:3 | Bought the ring of Fited {Wiz +Blink Will+} for 942 gold
                  | pieces
 32484 | Spider:1 | Entered Level 1 of the Spider Nest
 32650 | Spider:1 | Reached skill level 1 in Armour
 32901 | Spider:1 | Reached XP level 18. HP: 86/86 MP: 34/34
 34231 | Spider:3 | Identified the serpent talisman of Zanur {rN++}
 34231 | Spider:3 | Noticed Aizul
 34405 | Spider:3 | Killed Aizul
 35255 | Spider:4 | Entered Level 4 of the Spider Nest
 35255 | Spider:4 | Noticed Arachne
 35267 | Spider:4 | Reached skill level 5 in Armour
 35272 | Spider:4 | Killed Arachne
 35979 | Spider:4 | Noticed Bai Suzhen
 36029 | Spider:4 | Killed Bai Suzhen
 36618 | Spider:4 | Reached skill level 10 in Invocations
 37190 | Spider:4 | Reached XP level 19. HP: 90/90 MP: 36/36
 37268 | Spider:4 | Got a gossamer rune of Zot
 37545 | Vaults:2 | Identified the of Extew
 37545 | Depths:2 | Identified the "Puthroshru"
 37545 | Elf:1    | Identified the "Biptuk"
 37545 | Elf:1    | Entered Level 1 of the Elven Halls
 37564 | Elf:1    | Learned a level 2 spell: Blink
 37718 | Elf:1    | Found Qimaomuuzo's CLEARANCE SALE!.
 37908 | Elf:1    | Paralysed by an air elemental for 1 turns
 37929 | Elf:1    | Identified the +5 morningstar "Maocav" {heavy, rC++}
 37938 | Elf:1    | Noticed Frances
 37948 | Elf:1    | Killed Frances
 38563 | Desolati | Identified the "Esykuz"
 38563 | Desolati | Identified the of Mare
 38563 | Desolati | Identified the of Wuniy
 38563 | Desolati | Identified the "Zivox"
 38610 | Elf:2    | Found a crumbling gateway.
 38711 | Desolati | Entered the Desolation of Salt
 38739 | Desolati | Found the +8 autumn katana {manifold assault}
 38768 | Desolati | Reached skill level 19 in Ranged Weapons
 39163 | Desolati | Identified the +7 dagger of Wyrd {drain, Str+4 Stlth-}
 39414 | Desolati | Reached skill level 20 in Ranged Weapons
 39444 | Desolati | Identified the +3 mace of Fikowk {elec, rC+ Str+2 Stlth+}
 39493 | Desolati | Identified the ring of Prescription {Wiz rPois}
 40634 | Elf:2    | Found a runed translucent gate.
 40634 | Elf:2    | Found a runed translucent gate.
 40635 | Elf:2    | Found a runed translucent gate.
 40722 | Elf:2    | Found Pioschunt's General Store.
 41319 | Elf:2    | Reached XP level 20. HP: 94/94 MP: 37/37
 41722 | Elf:3    | Identified the "Uqiffos"
 41722 | Elf:3    | Entered Level 3 of the Elven Halls
 41748 | Elf:3    | Found Waipuwoh's Antique Armour Emporium.
 41756 | Elf:3    | Bought the +5 moon troll leather armour {Spirit, Regen++
                  | MP+5} for 2023 gold pieces
 41756 | Elf:3    | Found the +5 moon troll leather armour {Spirit, Regen++
                  | MP+5}
 41917 | Elf:3    | Found Kustoag's Antique Armour Boutique.
 41991 | Elf:3    | Found Kuekucas's Distillery.
 41993 | Elf:3    | Found Jiestrodd's Book Boutique.
 42344 | Elf:3    | Found Unkoclor's Book Boutique.
 42403 | Elf:3    | Identified the +11 arbalest of the Clean God {elec, Fly rF+
                  | MP-9 Int+4}
 42625 | Elf:3    | Identified the +2 spear of the Heart {freeze, rF- Will+
                  | Int+2}
 42667 | Elf:3    | Identified the ring of Secrets {Wiz Drain rPois Int+2}
 42909 | Elf:3    | Identified the amulet of Ruar {RegenMP rN+ rCorr}
 43148 | Elf:3    | Identified the ring of Amyfeum {Ice Dex+2 SInv}
 43226 | Elf:3    | Identified the ring "Liasch" {Wiz Str+4 SInv}
 43767 | Vaults:1 | Entered Level 1 of the Vaults
 44309 | Vaults:1 | Reached skill level 15 in Evocations
 44866 | Vaults:2 | Found a flickering gateway to a bazaar.
 45033 | Bazaar   | Entered a bazaar
 45040 | Bazaar   | Found Wampeg Fanli's Antique Weapon Shop.
 45066 | Bazaar   | Found Keunas's Armour Shop.
 45080 | Bazaar   | Found Rugad's General Store.
 45108 | Bazaar   | Found Ylec's Book Boutique.
 45122 | Bazaar   | Found Vaskael's Antique Weapon Shop.
 45194 | Bazaar   | Bought a scroll of enchant armour for 97 gold pieces
 45194 | Bazaar   | Bought a wand of mindburst (9) for 163 gold pieces
 45236 | Bazaar   | Bought a wand of digging (2) for 109 gold pieces
 45389 | Vaults:2 | Found a runed translucent gate.
 45405 | Vaults:2 | Found a runed translucent gate.
 45406 | Vaults:2 | Found a runed translucent gate.
 45411 | Vaults:2 | Noticed Joad's ghost (journeyman DsFi)
 45436 | Vaults:2 | Reached XP level 21. HP: 98/98 MP: 39/39
 45533 | Vaults:2 | Reached skill level 21 in Ranged Weapons
 46035 | Vaults:2 | Reached skill level 22 in Ranged Weapons
 47386 | Vaults:3 | Identified the +3 robe "Qulurch" {rElec rC+ Stlth-}
 48083 | Vaults:3 | Found a staircase to the Crypt.
 48841 | Vaults:4 | Reached XP level 22. HP: 106/106 MP: 40/40
 49241 | Vaults:2 | Killed Joad's ghost
 49448 | Depths:1 | Entered Level 1 of the Depths
 49588 | Depths:1 | Found a gateway to Hell.
 50186 | Depths:1 | Found a corrupted altar of Lugonu.
 50310 | Depths:2 | Found a one-way gateway to a ziggurat.
 50827 | Depths:2 | Found a one-way gate leading to the halls of Pandemonium.
 51348 | Depths:2 | Identified the +5 longbow "Detiadexy" {freeze, rCorr Dex+2
                  | Stlth+}
 51616 | Depths:3 | Reached skill level 15 in Spellcasting
 52004 | Depths:3 | Found Osye's General Store.
 52004 | Depths:3 | Found Sionigg's General Store.
 52005 | Depths:3 | Found Qeuttosy's Antique Weapon Boutique.
 52009 | Depths:3 | Found Jygisch's Armour Shop.
 52295 | Depths:3 | Reached skill level 23 in Ranged Weapons
 52636 | Depths:4 | Entered Level 4 of the Depths
 52756 | Depths:4 | Reached XP level 23. HP: 109/109 MP: 44/44
 53416 | Depths:4 | Found a gate to the Realm of Zot.
 54013 | Elf:3    | Found Unkoclor's Book Boutique.
 54053 | Elf:3    | Found Kustoag's Antique Armour Boutique.
 54165 | Elf:3    | Found Waipuwoh's Antique Armour Emporium.
 54824 | Crypt:1  | Entered Level 1 of the Crypt
 54866 | Crypt:1  | You fall into a shaft and drop 1 floor!
 56059 | Crypt:2  | Identified the +3 buckler of Autumn {-Cast Rampage rF+++
                  | Slay-4}
 56064 | Crypt:2  | Found a basalt altar of Yredelemnul.
 56466 | Crypt:2  | Noticed Vv
 56476 | Crypt:2  | Killed Vv
 56874 | Crypt:3  | Entered Level 3 of the Crypt
 57167 | Crypt:3  | Found a staircase to the Tomb.
 57829 | Crypt:3  | Identified the staff "Impslayer" {rElec Will++ Air}
 58246 | Crypt:3  | Identified the amulet "Econiadu" {Contam rElec rF+ Regen+
                  | Int+2}
 58246 | Crypt:3  | Identified the ring of Finality {Drain rElec rF++ rN+
                  | Int+3}
 58246 | Crypt:3  | Identified the ring "Pyeng" {rN+ Dex+3}
 58510 | Crypt:3  | Identified the +9 glaive "Murmur" {elec, *Rage Str+8 Int+9
                  | Dex-3}
 58738 | Vaults:5 | Entered Level 5 of the Vaults
 58772 | Vaults:5 | Reached XP level 24. HP: 81/114 MP: 36/49
 59260 | Vaults:5 | Identified the ring of Tomorrow {Ice +Blink rElec rCorr
                  | Slay-4}
 59402 | Vaults:5 | Noticed a dread lich
 59410 | Vaults:5 | Killed a dread lich
 59415 | Vaults:5 | Identified the +1 trident "Toxiul" {heavy, rN+ Str+3 Int+3
                  | SInv}
 59415 | Vaults:5 | Identified the ring of Soid {AC+4 Str+2}
 59426 | Vaults:5 | Identified the ring "Odonniz" {EV+5 Str+2 Dex+2}
 59551 | Vaults:5 | Reached skill level 15 in Invocations
 59698 | Vaults:5 | Identified the +7 quarterstaff "Doluoh" {flame, rN+}
 59745 | Vaults:5 | Noticed a dread lich
 59755 | Vaults:5 | Identified the +1 sling of Intimidation {heavy, Int+5}
 59761 | Vaults:5 | Killed a dread lich
 60347 | Vaults:5 | Got a silver rune of Zot
 60633 | Vaults:5 | Identified the ring "Bicecse" {rF+ rCorr Str+6 Slay+3}
 60696 | Vaults:5 | Learned a level 5 spell: Summon Mana Viper
 60981 | Zot:1    | Entered Level 1 of the Realm of Zot
 61405 | Zot:1    | Noticed Parghit
 61445 | Zot:1    | Killed Parghit
 61515 | Zot:1    | Noticed an orb of fire
 61527 | Zot:1    | Killed an orb of fire
 61528 | Zot:1    | Reached XP level 25. HP: 117/117 MP: 49/49
 62516 | Zot:2    | Noticed a Killer Klown
 62516 | Zot:2    | Noticed a Killer Klown
 62516 | Zot:2    | Noticed a Killer Klown
 62516 | Zot:2    | Noticed a Killer Klown
 62575 | Zot:2    | Killed a Killer Klown
 62596 | Zot:2    | Killed a Killer Klown
 62643 | Zot:2    | Killed a Killer Klown
 62647 | Zot:2    | Killed a Killer Klown
 62919 | Zot:2    | Reached skill level 24 in Ranged Weapons
 63365 | Zot:3    | Noticed a Killer Klown
 63423 | Zot:2    | Killed a Killer Klown
 63499 | Zot:3    | Noticed an orb of fire
 63507 | Zot:3    | Killed an orb of fire
 63867 | Zot:3    | Reached skill level 25 in Ranged Weapons
 64820 | Zot:4    | Noticed a Killer Klown
 64844 | Zot:4    | Killed a Killer Klown
 65753 | Zot:5    | Entered Level 5 of the Realm of Zot
 65772 | Zot:4    | Reached XP level 26. HP: 121/122 MP: 47/49
 65955 | Zot:5    | Identified the +1 hand axe of Pride {freeze, rF+}
 66212 | Zot:5    | Noticed an ancient lich
 66223 | Zot:5    | Killed an ancient lich
 66351 | Zot:5    | Noticed an orb of fire
 66356 | Zot:5    | Noticed a dread lich
 66358 | Zot:5    | Killed an orb of fire
 66361 | Zot:5    | Killed a dread lich
 66375 | Zot:5    | Noticed an orb of fire
 66382 | Zot:5    | Killed an orb of fire
 66682 | Zot:5    | Reached skill level 15 in Fighting
 66689 | Zot:5    | Noticed a dread lich
 66701 | Zot:5    | Killed a dread lich
 66785 | Zot:5    | Noticed an ancient lich
 66794 | Zot:5    | Killed an ancient lich
 66836 | Zot:5    | Noticed an orb of fire
 66947 | Zot:5    | Killed an orb of fire
 67374 | Slime:1  | Entered Level 1 of the Pits of Slime
 67543 | Slime:2  | Noticed Dissolution
 67552 | Slime:2  | Killed Dissolution
 67619 | Slime:2  | Paralysed by a formless jellyfish for 1 turns
 69285 | Slime:5  | Identified the "Efour"
 69285 | Slime:5  | Entered Level 5 of the Pits of Slime
 69331 | Slime:5  | Reached XP level 27. HP: 125/134 MP: 50/51
 69344 | Slime:5  | Noticed the Royal Jelly
 69378 | Slime:5  | Found the +5 Storm Queen's Shield {shock, Fly rElec}
 69705 | Slime:5  | Found a viscous altar of Jiyva.
 69776 | Slime:5  | Killed the Royal Jelly
 70025 | Slime:5  | Identified the staff "Conservator" {rPois rF+ Str-3 Tloc
                  | Poison}
 70029 | Slime:5  | Got a slimy rune of Zot
 70030 | Slime:5  | Identified the +4 great mace of the Spider Nest {vamp,
                  | Drain rN+ Str+6 Dex-2}
 70755 | Tomb:1   | Entered Level 1 of the Tomb of the Ancients
 71157 | Tomb:1   | Noticed a royal mummy
 71169 | Tomb:1   | Killed a royal mummy
 71503 | Tomb:1   | Noticed a royal mummy
 71517 | Tomb:1   | Killed a royal mummy
 71518 | Tomb:1   | Reached skill level 26 in Ranged Weapons
 72341 | Tomb:3   | Identified the "Samnilimm"
 72341 | Tomb:3   | Identified the of Vunayses
 72341 | Tomb:3   | Identified the "Haronug"
 72341 | Tomb:3   | Identified the "Yhoxynub"
 72341 | Tar:7    | Identified the of Witzana
 72341 | Dis:7    | Identified the "Fethrum"
 72341 | Dis:7    | Identified the "Avugir"
 72341 | Zig:1    | Entered Level 1 of a ziggurat
 72361 | Zig:2    | Entered Level 2 of a ziggurat
 72375 | Zig:3    | Identified the of Xyemeklo
 72375 | Zig:3    | Entered Level 3 of a ziggurat
 72380 | Zig:3    | Identified the +5 chain mail "Qigeask" {rElec Will+++ MP+9
                  | Int-2}
 72876 | Zot:5    | Got the Orb of Zot
 72963 | Zot:3    | Noticed a seraph
 73389 | D:$      | Escaped with the Orb!

Illustrated notes

Levels and vault maps discovered:
D:1:      minmay_arrival_pointy, layout_basic,
          ebering_ecumenical_altar_abandoned
D:2:      layout_basic, uniq_sigmund, uniq_natasha, uniq_robin
D:3:      layout_loops_corners, grunt_temple_overflow_lords_of_destruction,
          nicolae_overflow_crystal_walls, mainiacjoe_overflow_surrounded_room,
          minmay_box_of_dots
D:4:      layout_rooms, kennysheep_little_box, minitemple, fountainhead,
          uniq_ijyb, uniq_crazy_yiuf_cottage, uniq_grinder
D:5:      layout_rooms, grunt_temple_overflow_order_and_chaos_1,
          old_standard_altar, lemuel_crystal_altar,
          minmay_temple_entry_butterflies, uniq_duvessa, uniq_blork_the_orc
D:6:      layout_gridville
D:7:      layout_loops_corners, minmay_misc_feat_tiny, uniq_menkaure
D:8:      layout_basic, erik_lair_orcish_takeover, serial_shops, shop,
          uniq_prince_ribbit1, uniq_erica
D:9:      layout_cross, amcnicky_altar_gilded, orc_david_3,
          hangedman_decor_diamond_cutter, eino_jars, uniq_maurice
D:10:     layout_basic, elyvilon_altar_3, gammafunk_temple_overflow_statue,
          nicolae_benzene_ring, kennysheep_crisscross, uniq_joseph
D:11:     layout_roguey, serial_shops, shop, uniq_grum, uniq_lodul, uniq_urug
D:12:     nicolae_whirlpool, layout_loops_ring, minmay_fractal_squares_5
D:13:     hangedman_surveillance_ring, layout_stronghold,
          ximxim_vaults_locker_room, uniq_azrael
D:14:     layout_long_grid, minmay_staircase_windowed_small,
          portal_ice_cave_entry_ice_statue_two, cheibriados_altar_1
D:15:     gammafunk_enter_depths_forms, layout_loops_cross, enter_trove_3,
          nicolae_uskayaw_dance_hall, guppyfry_shop_blood
Lair:1:   layout_long_grid
Lair:2:   layout_regular_city, spider_nest_entry_rubble, roderic_carrion_pond
Lair:3:   layout_chaotic_city, minmay_shoals_entry_hut, serial_bayou_pond_c,
          worms_lemuel
Lair:4:   nzn_winding_woodlands_stair_cross
          [nzn_winding_woodlands_5x15_concentric,
          nzn_winding_woodlands_center_triple_pond,
          nzn_winding_woodlands_5x15_river_crossing,
          nzn_winding_woodlands_5x5_closed_star,
          nzn_winding_woodlands_5x5_three, nzn_winding_woodlands_5x15_cabin,
          nzn_winding_woodlands_center_garden,
          nzn_winding_woodlands_5x15_jagged], layout_gridlike,
          minmay_slime_entry_pillars, uniq_kirke, uniq_nessos
Lair:5:   hellmonk_lair_end_abyssal_woods, layout_cave_pods, basic_altar,
          gauntlet_entry_generic, ebering_ghost_inner_flame, uniq_snorg,
          uniq_sonja
Shoals:1: layout_shoals
Shoals:2: layout_shoals, uniq_mlioglotl, uniq_nikola
Shoals:3: layout_shoals, nicolae_shop_unique_rings
Shoals:4: shoals_end_grunt_ice, layout_shoals, shoal_ilsuiw
Spider:1: layout_spider_delve, nicolae_spider_rock_and_or_roll
Spider:2: layout_spider_delve
Spider:3: layout_spider_delve, uniq_aizul
Spider:4: floodkiller_spider_rune_tomb, uniq_bai_suzhen, uniq_arachne
Slime:1:  layout_caves
Slime:2:  cheibrodos_slime_lost_civilization_1, layout_caves, uniq_dissolution
Slime:3:  layout_caves
Slime:4:  nicolae_slime_infinislime, layout_caves
Slime:5:  slime_pit_nicolae_jellycorners
Orc:1:    layout_diamond_mine
Orc:2:    grunt_orc_gardens, layout_caves, grunt_orc_garden, grunt_orc_garden,
          grunt_orc_garden, grunt_orc_garden, uniq_saint_roka, uniq_josephine
Elf:1:    nicolae_elf_arrival_fired_up, layout_geoelf_diagonals,
          minmay_elf_sorcery, nicolae_shop_clearance, uniq_frances
Elf:2:    nicolae_elf_blades_splatter_lattice
          [nicolae_blade_entry_area_security], layout_geoelf_octagon,
          portal_desolation_entry_salt, serial_shops, shop_statue,
          small_statue_intersection
Elf:3:    elf_hall_gauntlet_narrow, layout_geoelf_grid, serial_shops, shop,
          shop, nicolae_shop_hallway_plus, nicolae_shop_statue_plus, shop
Vaults:1: ontoclasm_vaults_shuriken, vaults_mumra_lcd,
          ontoclasm_vaults_decontamination, hangedman_vaults_corner_blocks,
          nicolae_vaults_steering_wheel, ontoclasm_vaults_pinch,
          hangedman_vaults_stitches, nicolae_vaults_what_the_h, st_cross,
          nicolae_vaults_yaktaur_gun_rack, nicolae_vaults_tetromino_T_2,
          hangedman_vaults_restitches, v_pattern_5, nicolae_vaults_diamond_2,
          nicolae_vaults_tetromino_L_2, layout_vaults_maze
Vaults:2: gammafunk_ghost_tricky_traps, nicolae_vaults_closet_pinwheel_4,
          ontoclasm_vaults_fault, nicolae_vaults_network_periphery, v_misc_26,
          nicolae_vaults_minivaults, nicolae_vaults_closet_pinwheel_6,
          nicolae_vaults_closet_pinwheel_4, vaults_standard_mumra_lines,
          layout_vaults_omnigrid, serial_shops, bzr_entry_water
Vaults:3: nicolae_vaults_network_square, nicolae_vaults_tetromino_T_2,
          nicolae_vaults_network_quinsquares
          [nicolae_vaults_network_quincunx_subvault,
          nicolae_vaults_network_quincunx_subvault,
          nicolae_vaults_network_quincunx_subvault,
          nicolae_vaults_network_quincunx_subvault],
          nicolae_vaults_security_offices_3, nicolae_vaults_sightless_eye,
          hangedman_vaults_impose, vaults_room_pools, grunt_vaults_funnel,
          blue_anna_dwarven_crypt, nicolae_vaults_storage_closets_2,
          nicolae_vaults_diagonal_hallway_8, layout_vaults_omnicross
Vaults:4: ontoclasm_vaults_chip, vaults_room_corners, st_squares,
          hangedman_vaults_stretched_pinwheel, v_misc_23, v_pattern_1,
          hangedman_vaults_snaps, vaults_room_door_ring, layout_vaults_big_room
Vaults:5
Crypt:1:  layout_gridlike, due_unseen_surprise, grunt_crypt_arrival_split
Crypt:2:  layout_misc_corridors, hangedman_blasphemy,
          roderic_lattice_octagonal_star, uniq_vv, uniq_grunn
Crypt:3:  due_elkab, layout_chaotic_city
Tomb:1
Depths:1: layout_gridlike, pf_hell_entry_tar_spiral,
          hangedman_abyss_or_decor_passed, serial_curves, eino_curves_01,
          eino_curves_02, abyss_entry_flame_altar, minmay_protected_statue
Depths:2: minmay_eyes, layout_cave_shapes, enter_ziggurat_d, hell_entry,
          pan_entry, minmay_misc_feat_nine_boxes, uniq_josephina
Depths:3: minmay_blocking_statues, layout_basic, infiniplex_staircase_zigzag_5,
          hell_entry, abyss_entry, grunt_megastairs_3, minmay_shoptagon
Depths:4: grunt_zot_entry_alcove, layout_basic, serial_bayou_pond_c, hell_entry,
          feat_on_display, infiniplex_staircase_pool_lava
Zot:1:    layout_onion, uniq_parghit
Zot:2:    lemuel_draconian_sentries_small, layout_onion,
          regret_index_zotdec_plus, drop_trap
Zot:3:    layout_gridlike, hangedman_zot_decor_checkerboard,
          nicolae_lava_and_water
Zot:4:    layout_basic
Zot:5:    layout_basic, hangedman_zot_diagonal_lockstep, lemuel_golem_globe

Skill      XL: |  1  2  3  4  5  6  7  8  9 10 11 12 13 14 15 16 17 18 19 20 21 22 23 24 25 26 27 |
---------------+----------------------------------------------------------------------------------+-----
Hexes          | 4 5 6 8 10 12 13 14 15 17 18 | 18.0
Ranged Weapons | 3 4 5 6 7 8 10 12 14 15 17 18 20 22 23 25 26 | 26.3
Dodging        | 3 6 12 14 15 16 17 18 20 | 20.0
Spellcasting   | 3 7 10 11 12 13 16 21 23 | 23.0
Fighting       | 3 5 6 7 8 9 11 13 16 17 | 17.7
Translocations | 4 |  4.0
Evocations     | 2 7 9 10 13 14 16 18 20 | 20.0
Stealth        | 2 10 13 16 17 20 | 20.0
Invocations    | 3 4 7 9 10 17 18 | 18.0
Armour         | 1 6 7 9 |  9.0
Fire Magic     | |  0.7

Action                     |  1- 3 |  4- 6 |  7- 9 | 10-12 | 13-15 | 16-18 | 19-21 | 22-24 | 25-27 || total
---------------------------+-------+-------+-------+-------+-------+-------+-------+-------+-------++-------
   Fire: Sling             |    86 |   183 |   418 |   669 |  1850 |   237 |       |       |       ||  3443
         Arbalest          |       |       |       |   178 |       |  1290 |  1497 |  1940 |  1610 ||  6515
  Throw: Dart              |       |       |       |       |     3 |       |       |       |       ||     3
   Cast: Jinxbite          |     1 |       |     1 |     4 |    22 |     5 |       |       |       ||    33
         Sigil of Binding  |       |       |     1 |       |       |       |       |       |       ||     1
         Dimensional Bulls |       |       |       |     2 |    24 |    50 |     6 |    11 |    40 ||   133
         Yara's Violent Un |       |       |       |       |       |    29 |    14 |    13 |    13 ||    69
         Enfeeble          |       |       |       |       |       |     7 |     5 |       |     6 ||    18
         Cause Fear        |       |       |       |       |       |       |       |     1 |     2 ||     3
         Summon Mana Viper |       |       |       |       |       |       |       |       |     2 ||     2
 Invoke: Recall Ancestor   |       |       |    10 |    15 |    18 |    14 |    14 |    25 |    49 ||   145
         Ancestor Life: Kn |       |       |     1 |       |       |       |       |       |       ||     1
         Idealise          |       |       |       |       |     1 |     4 |       |     5 |     4 ||    14
         Transference      |       |       |       |       |       |       |       |       |     1 ||     1
  Evoke: Wand              |       |       |     1 |     6 |    19 |     3 |       |    10 |     7 ||    46
         Lightning rod     |       |       |       |     2 |     7 |     5 |       |       |     1 ||    15
         Condenser vane    |       |       |       |       |     1 |     2 |     1 |     1 |     3 ||     8
         Sack of spiders   |       |       |       |       |       |     1 |       |       |     1 ||     2
         Phantom mirror    |       |       |       |       |       |       |       |       |     1 ||     1
         Phial of floods   |       |       |       |       |       |       |       |       |     1 ||     1
    Use: Potion            |       |     2 |       |       |     2 |     2 |       |     1 |     5 ||    12
         Scroll            |       |     2 |     6 |     5 |     9 |    18 |     2 |     7 |    10 ||    59
 Armour: Robe              |     6 |    11 |     8 |    31 |    56 |    81 |       |       |       ||   193
         Quicksilver drago |       |       |       |       |       |    61 |    55 |       |       ||   116
         Troll leather arm |       |       |       |       |       |       |    93 |   245 |   334 ||   672
  Dodge: Dodged            |    24 |    40 |    70 |   234 |   393 |   637 |   451 |   968 |   964 ||  3781
  Block: Other             |       |       |       |     8 |    19 |    16 |    15 |    39 |    14 ||   111

Table legend: (Time is in decaauts)
 A = Elapsed time spent in this place.
 B = Non-inter-level travel time spent in this place.
 C = Inter-level travel time spent in this place.
 D = Time resting spent in this place.
 E = Time spent auto-exploring this place.
 F = Levels seen in this place.
 G = Mean time per level.
                   A        B        C        D        E       F      G
               +--------+--------+--------+--------+--------+-----+--------+
         Total |  53702 |  48745 |   4957 |   4650 |  25945 |  64 |  839.1 |
       Dungeon |  11695 |   9864 |   1831 |    505 |   6003 |  15 |  779.7 |
          Lair |   5129 |   4669 |    460 |     25 |   3004 |   5 | 1025.8 |
        Shoals |   4051 |   3851 |    200 |    399 |   2251 |   4 | 1012.8 |
   Spider Nest |   4030 |   3793 |    237 |   1046 |   1351 |   4 | 1007.5 |
    Slime Pits |   2109 |   1944 |    165 |    219 |   1022 |   5 |  421.8 |
  Orcish Mines |   1736 |   1494 |    242 |      9 |    853 |   2 |  868.0 |
   Elven Halls |   3671 |   3461 |    210 |    361 |   2179 |   3 | 1223.7 |
        Vaults |   5333 |   4974 |    359 |    169 |   2736 |   5 | 1066.6 |
         Crypt |   2881 |   2449 |    432 |      0 |   1404 |   3 |  960.3 |
          Tomb |    988 |    939 |     49 |    173 |    413 |   1 |  988.0 |
        Depths |   3264 |   2924 |    340 |     47 |   1721 |   4 |  816.0 |
           Zot |   5087 |   4660 |    427 |    913 |   1674 |   5 | 1017.4 |
      Ziggurat |     36 |     36 |      0 |      0 |     13 |   3 |   12.0 |
        Bazaar |    204 |    204 |      0 |      0 |     61 |   1 |  204.0 |
         Trove |     42 |     42 |      0 |      0 |      0 |   1 |   42.0 |
      Ice Cave |   1460 |   1460 |      0 |    451 |    594 |   1 | 1460.0 |
    Desolation |   1434 |   1434 |      0 |    144 |    544 |   1 | 1434.0 |
      Gauntlet |    544 |    544 |      0 |    185 |    115 |   1 |  544.0 |
               +--------+--------+--------+--------+--------+-----+--------+

Top non-repeatable levels by time:
   Elf:3: 1807 daAuts
  Lair:5: 1678 daAuts
Vaults:5: 1476 daAuts
Spider:3: 1461 daAuts
   IceCv: 1460 daAuts
Shoals:4: 1453 daAuts
Vaults:2: 1435 daAuts
Desolation: 1434 daAuts
   Orc:2: 1398 daAuts
 Crypt:3: 1319 daAuts
    D:13: 1232 daAuts
   Zot:3: 1229 daAuts
Spider:4: 1218 daAuts
  Lair:4: 1084 daAuts
   Zot:5: 1084 daAuts
